Map: Pillars of Gold LE

Players

Leo (LeoRusher)

  • Race: Protoss Protoss
  • League: Grandmaster
  • Spawn Location: 7:00

MeomaikaFan (Peppy) - Winner!

  • Race: Zerg Zerg
  • League: Grandmaster
  • Spawn Location: 1:00

Event: DreamHack SC2 Masters 2020 Winter

VOD

Have the link to the VOD?

Description

Time

  • Played on: Oct. 10, 2020, 12:59 a.m.
  • Length: 4:26

All games in this series

Show
View Real Time Build Order
Export as new Build Order

Leo Protoss 

Build Orders:  

Get SALT Encoding   

  12  0:02  Probe  
  13  0:14  Probe  
  14  0:26  Probe  
  15  0:34  Pylon  
  15  0:52  Gateway  
  15  0:53  Gateway  
  15  1:00  Gateway  
  15  1:10  Gateway  
  15  1:38  Zealot x2 (Chrono Boost)  
  17  1:47  Pylon  
  19  1:52  Zealot (Chrono Boost)  
  21  1:58  Zealot (Chrono Boost)  
  27  2:12  Zealot x2 (Chrono Boost)  
  29  2:20  Zealot x2 (Chrono Boost)  
  30  2:36  Pylon  
  30  2:46  Zealot  
  30  2:54  Zealot x2  
  30  2:57  Zealot (Chrono Boost)  
  28  3:20  Zealot x2 (Chrono Boost)  
  28  3:30  Zealot (Chrono Boost)  
  28  3:33  Zealot (Chrono Boost)  
  30  3:40  Zealot  
  32  3:41  Zealot  
  34  3:53  Zealot  
Show
View Real Time Build Order
Export as new Build Order

MeomaikaFan Zerg - Winner!

Build Orders: Hatch First 

Get SALT Encoding   

  12  0:01  Drone  
  13  0:12  Overlord  
  13  0:17  Drone  
  14  0:30  Drone x2  
  16  0:49  Hatchery  
  15  0:52  Drone  
  15  0:56  Drone  
  17  1:00  Drone  
  18  1:12  Extractor  
  18  1:16  Spawning Pool  
  16  1:18  Drone  
  16  1:22  Drone  
  18  1:28  Drone  
  19  1:38  Drone  
  20  2:02  Queen x2  
  20  2:03  Zergling x2  
  20  2:04  Zergling x2  
  20  2:05  Zergling x2  
  20  2:07  Spine Crawler  
  26  2:11  Zergling x2  
  27  2:16  Metabolic Boost  
  27  2:20  Zergling x2  
  28  2:27  Overlord  
  28  2:47  Zergling x10  
  32  2:56  Zergling x2  
  33  2:58  Zergling x2  
  33  3:05  Overlord  
  34  3:08  Evolution Chamber  
  34  3:14  Zergling x2  
  34  3:15  Zergling x6  
  34  3:17  Zergling x2  
  30  3:31  Zergling x2  
  30  3:32  Zergling x2  
  32  3:34  Zergling x6  
  35  3:46  Zergling x4  
  36  3:49  Zergling x2  
  36  3:54  Zergling x4  
  36  3:55  Zergling x4  
  40  4:01  Baneling Nest  
  39  4:04  Zergling x2  
  39  4:07  Zergling x2  
Tags
 
Add a new tag
Caveats
  • Supply blocks, unpowered buildings, or Contaminate may cause inaccurate times.
  • Supply counts are checked every 10 seconds.